 Dungeon Crawl Stone Soup version 0.31-a0-44-g49d609d0da (webtiles) character file.

Game seed: 9313413422525458607

30 holysushi the Magician (level 3, 0/28 HPs)
             Began as a Djinni Hedge Wizard on May 21, 2023.
             Slain by an adder (1 damage)
             ... on level 2 of the Dungeon.
             The game lasted 00:02:43 (1638 turns).

holysushi the Magician (Djinni Hedge Wizard)        Turns: 1638, Time: 00:02:44

Health: 0/28       AC:  2    Str:  9    XL:     3   Next: 37%
Gold:   119        EV: 12    Int: 15    God:
                   SH:  0    Dex: 14

rFire   + + .        f - +1 dagger (protect)
rCold   x . .        (no shield)
rNeg    . . .        b - +0 robe
rPois   ∞            c - +0 hat
rElec   .            (no cloak)
rCorr   .            (no gloves)
SInv    +            (boots unavailable)
Will    .....        (no amulet)
Stlth   ++           e - ring of see invisible
HPRegen 0.24/turn    (no ring)
MPRegen 0.00/turn

%: infuse magic (-1 HP)
@: flying
A: sickness immunity, fire resistance 2, cold vulnerability 1, float, innate
caster, HP casting, extra vitality 1
a: no special abilities


You were on level 2 of the Dungeon.
You visited 1 branch of the dungeon, and saw 2 of its levels.

You collected 119 gold pieces.

Inventory:

Hand Weapons
 f - a +1 dagger of protection (weapon)
Armour
 b - a +0 robe (worn)
 c - a +0 hat (worn)
Jewellery
 e - a ring of see invisible (left hand)
Scrolls
 a - a scroll of identify {unknown}
 i - a scroll of amnesia {unknown}
Potions
 d - a potion of invisibility {unknown}
 g - a potion of attraction {unknown}
 h - a potion of berserk rage {unknown}
 j - a potion of magic {unknown}


   Skills:
 + Level 1.8 Fighting
 - Level 2.5 Dodging
 - Level 1.9 Stealth
 - Level 2.5 Spellcasting


You knew the following spells:

 Your Spells              Type           Power      Damage    Failure   Level
a - Magic Dart            Conj           36%        1d4       8%          1
b - Slow                  Hex            36%        N/A       8%          1
c - Blink                 Tloc           18%        N/A       11%         2
d - Call Imp              Summ           18%        N/A       11%         2
e - Mephitic Cloud        Conj/Pois/Air  9%         N/A       22%         3
f - Necrotise             Necr           36%        1d5       8%          1
Your spell library was empty.

Dungeon Overview and Level Annotations

Branches:
Dungeon (2/15) Zot: 10362

Altars:


Innate Abilities, Weirdness & Mutations

You are immune to sickness and miasma.
You are immune to poison.
Your flesh is very heat resistant. (rF++)
You are vulnerable to cold. (rC-)
You float through the air rather than walking.
You learn spells naturally, not from books.
Your magical power is your life essence.
You have superior vitality. (+4 MHP)


Message History

Confirm with . or Enter, or press ? or * to list all spells.
Aiming: Necrotise (safe; 8% risk of failure)
Press: ? - help, Shift-Dir - straight line, f/p - adder
Aim: an adder (moderately wounded, chance to affect: 69%)
The adder writhes in agony.
* * * LOW HITPOINT WARNING * * *
The adder bites you.
* * * LOW HITPOINT WARNING * * *
The adder bites you.
* * * LOW HITPOINT WARNING * * *
Casting: Necrotise (safe; 8% risk of failure)
Confirm with . or Enter, or press ? or * to list all spells.
Okay, then.
Unknown command.
Casting: Necrotise (safe; 8% risk of failure)
Confirm with . or Enter, or press ? or * to list all spells.
Aiming: Necrotise (safe; 8% risk of failure)
Press: ? - help, Shift-Dir - straight line, f/p - adder
Aim: an adder (severely wounded, chance to affect: 69%)
The adder struggles to resist.
* * * LOW HITPOINT WARNING * * *
The adder bites you.
* * * LOW HITPOINT WARNING * * *
Casting: Necrotise (safe; 8% risk of failure)
Confirm with . or Enter, or press ? or * to list all spells.
Aiming: Necrotise (safe; 8% risk of failure)
Press: ? - help, Shift-Dir - straight line, f/p - adder
Aim: an adder (severely wounded, chance to affect: 69%)
The adder struggles to resist.
* * * LOW HITPOINT WARNING * * *
The adder bites you but does no damage.
Casting: Necrotise (safe; 8% risk of failure)
Confirm with . or Enter, or press ? or * to list all spells.
Aiming: Necrotise (safe; 8% risk of failure)
Press: ? - help, Shift-Dir - straight line, f/p - adder
Aim: an adder (severely wounded, chance to affect: 69%)
The adder writhes in agony.
* * * LOW HITPOINT WARNING * * *
The adder bites you.
You die...

#.# #...# #.# ##.# ##.## ## ##+##
#..# #.# . ##...## #####.## #.#
.# ##.....# # #.....# #.# ..#
##...<... ###.....#####.##
#..##.#........
').............###......+........
###.....#######.#S...##.#........
# #>#...# ##@....)..##.......
#.##..# #.####### ##.....#
#.....# #.# ##...## ####.## #.#
##'## #.# #.# #.# #.# #.# #.# #.#
#.# ##.### #.# #.# ##..... #.#
#.<...#


You could see an adder.

Vanquished Creatures
  A dart slug (D:2)
  3 endoplasms
  2 giant cockroaches
  3 goblins (D:1)
  3 hobgoblins (D:1)
  A quokka (D:1)
  6 ball pythons
  2 bats (D:1)
  2 frilled lizards
  3 kobolds
  A rat (D:2)
27 creatures vanquished.

Notes
Turn   | Place    | Note
-------+----------+-------------------------------------------
     0 | D:1      | holysushi the Djinni Hedge Wizard began the quest for the
                  | Orb.
     0 | D:1      | holysushi set off with the following spells memorised:
                  | Magic Dart, Slow, Blink, Call Imp, Mephitic Cloud.
     0 | D:1      | Reached XP level 1. HP: 15/15 MP: 0/0
   169 | D:1      | Reached XP level 2. HP: 17/21 MP: 0/0
   741 | D:1      | Reached skill level 1 in Fighting
   768 | D:1      | Found a faded altar of an unknown god.
   790 | D:1      | Reached XP level 3. HP: 21/27 MP: 0/0
   790 | D:1      | Learned a level 1 spell: Necrotise
  1638 | D:2      | Slain by an adder

Illustrated notes

Levels and vault maps discovered:
D:1:      elethiomel_arrival_maze, layout_basic,
          hellmonk_ecumenical_altar_crossroads, minmay_misc_feat_encased
D:2:      minmay_general_purpose_star, layout_loops_corners,
          chequers_serial_rivers_room_a

Skill      XL: |  1  2 |
---------------+-------+-----
Fighting       | 1 |  1.8
Dodging        | |  2.5
Stealth        | |  1.9
Spellcasting   | |  2.5

Action                     || total
---------------------------++-------
  Melee: Dagger            ||    22
   Cast: Magic Dart        ||    72
         Necrotise         ||     6
 Armour: Robe              ||     6
  Dodge: Dodged            ||    21

Table legend: (Time is in decaauts)
 A = Elapsed time spent in this place.
 B = Non-inter-level travel time spent in this place.
 C = Inter-level travel time spent in this place.
 D = Time resting spent in this place.
 E = Time spent auto-exploring this place.
 F = Levels seen in this place.
 G = Mean time per level.
                   A        B        C        D        E       F      G
               +--------+--------+--------+--------+--------+-----+--------+
         Total |   1636 |   1603 |     33 |    184 |   1170 |   2 |  818.0 |
       Dungeon |   1636 |   1603 |     33 |    184 |   1170 |   2 |  818.0 |
               +--------+--------+--------+--------+--------+-----+--------+

Top non-repeatable levels by time:
     D:1: 1102 daAuts
     D:2: 534 daAuts
